 Dungeon Crawl Stone Soup version 0.23-a0-642-g3120c2f (webtiles) character file.

1147 MisterFreud the Carver (level 8, -1/50 HPs)
             Began as an Octopode Gladiator on Dec 30, 2018.
             Was a Follower of Cheibriados.
             Shot with an arrow by a centaur (13 damage)
             ... on level 4 of the Dungeon.
             The game lasted 00:09:12 (4866 turns).

MisterFreud the Carver (Octopode Gladiator)         Turns: 4866, Time: 00:09:13

Health: -1/50      AC:  1    Str: 17    XL:     8   Next: 38%
Magic:  8/8        EV: 18    Int: 17    God:    Cheibriados [*.....]
Gold:   275        SH:  0    Dex: 16    Spells: 7/7 levels left

rFire    . . .     SeeInvis .   a - +1 long sword
rCold    . . .     Gourm    .   (no shield)
rNeg     . . .     Faith    .   b - +0 hat
rPois    .         Spirit   .   (no amulet)
rElec    .         Reflect  .   r - +2 ring of intelligence
rCorr    .         Harm     .   g - ring of protection from magic
MR       +....                  (no ring)
Stlth    ++........             (no ring)
HPRegen  0.16/turn              (no ring)
MPRegen  0.11/turn              (no ring)
                                (no ring)
                                (no ring)

@: very slow
A: almost no armour, stealthy swim, amphibious, 8 rings, constrict 8, camouflage
1, gelatinous body 1
a: Bend Time, Renounce Religion


You were on level 4 of the Dungeon.
You worshipped Cheibriados.
Cheibriados was aware of your devotion.
You were not hungry.

You visited 2 branches of the dungeon, and saw 7 of its levels.

You collected 275 gold pieces.

Inventory:

Hand Weapons
 a - a +1 long sword (weapon)
 y - the +8 hand axe of Beyond {chop, +Rage rC- Int+7 Stlth+, unknown}
   (You found it on level 6 of the Dungeon)

   It inflicts extra damage upon your enemies.
   It affects your intelligence (+7).
   It makes you vulnerable to cold.
   It lets you go berserk.
   It makes you more stealthy.
Missiles
 c - 3 throwing nets (quivered)
 e - 123 stones
 i - 24 bolts
 o - 53 arrows
 s - 6 poisoned needles
 u - 23 sling bullets
Armour
 b - a +0 hat (worn)
 t - a +0 shield
 z - a +0 buckler
Jewellery
 f - a +2 ring of intelligence
 g - a ring of protection from magic (right tentacle)
 r - a +2 ring of intelligence (left tentacle)
Scrolls
 k - 2 scrolls of teleportation
 l - 2 scrolls of enchant weapon
 m - a scroll of remove curse
Potions
 h - a potion of agility
 j - 3 potions of resistance
 p - 3 potions of curing
 q - a potion of flight
 w - a potion of mutation {unknown}
 x - 2 potions of cancellation {unknown}
Comestibles
 d - 7 rations


   Skills:
 - Level 2.0 Fighting
 - Level 8.0 Long Blades
 - Level 2.0 Throwing
 + Level 6.9 Dodging


You had 7 spell levels left.
You didn't know any spells.
Your spell library contained the following spells:

 Spells                   Type           Power        Failure   Level  Hunger
 Magic Dart               Conj           #...         24%         1    ##.....
 Corpse Rot               Necr           N/A          34%         2    ###....
 Stone Arrow              Conj/Erth      #.....       56%         3    ####...
 Leda's Liquefaction      Hex/Erth       #.........   93%         4    #####..
 Summon Forest            Summ/Tloc      #.........   100%        5    ######.
 Hydra Form               Tmut           #.........   100%        6    #######
 Summon Hydra             Summ           #.........   100%        7    #######


Dungeon Overview and Level Annotations

Branches:
Dungeon (6/15)             Temple (1/1) D:4

Altars:
Ashenzari
Cheibriados
Fedhas
Gozag
Makhleb
Okawaru
Qazlal
Ru
Sif Muna
Trog
Uskayaw
Zin
The Shining One
Lugonu

Shops:
D:4 }


Innate Abilities, Weirdness & Mutations

You cannot wear most types of armour.
You are very stealthy in the water. (Stealth+)
You are amphibious.
You can wear up to eight rings at the same time.
You can use your tentacles to constrict eight enemies at once.
Your skin changes colour to match your surroundings (Stealth+).
Your rubbery body absorbs attacks. (AC +1, EV +1)


Message History

A centaur is nearby!
Something hits the bush. x2
Something hits the bush.
The centaur wields a +0 shortbow.
The centaur shoots an arrow.
The arrow barely misses you.
The centaur shoots an arrow.
The arrow misses you.
Something hits the bush but does no damage.
Something hits the bush but does no damage.
The centaur wields a +0 shortbow.
The centaur shoots an arrow.
The arrow completely misses you.
The centaur shoots an arrow.
The arrow hits you!
You see here an arrow.
The centaur shoots an arrow.
The arrow barely misses you.
The centaur shoots an arrow.
The arrow hits you!
You see here an arrow.
The centaur shoots an arrow.
The arrow hits you!
The centaur shoots an arrow.
The arrow hits you!
* * * LOW HITPOINT WARNING * * *
You see here 2 arrows.
The centaur shoots an arrow.
The arrow hits you!
You die...

.#####.# .# #.# .#
###.###########
.###.............
#......(.#####.(#
.......#.# #.(#
..##.###.#####..#
............#...######.#
..##.###.....(((@..(...#
..##. #....PP...######.#
..# ##...PPPP.## .##
.##.#.PP_PP#
.###.#....P.PcP#
..........PPP.P
##.###..... ... #.#
#..## ### . #.###..#


You could see a centaur.

Vanquished Creatures
  Sigmund (D:3)
  A hungry ghost (D:5)
  2 ogres (D:6)
  A wyvern zombie (D:6)
  A centaur zombie (D:5)
  2 hounds
  3 orc priests
  3 orc wizards
  Jessica (D:2)
  Terence (D:2)
  2 iguanas (D:4)
  Ijyb (D:3)
  A hound skeleton (D:4)
  A worker ant zombie (D:6)
  9 adders
  An ooze (D:2)
  An adder zombie (D:5)
  6 worms
  6 dart slugs
  4 leopard geckos
  9 orcs
  2 ball pythons
  4 giant cockroaches
  5 goblins
  7 hobgoblins
  18 jackals
  3 quokkas
  6 bats
  2 frilled lizards
  9 kobolds
  4 rats
117 creatures vanquished.

Notes
Turn   | Place    | Note
-------+----------+-------------------------------------------
     0 | D:1      | MisterFreud the Octopode Gladiator began the quest for the
                  | Orb.
     0 | D:1      | Reached XP level 1. HP: 14/14 MP: 1/1
   126 | D:1      | Reached XP level 2. HP: 19/19 MP: 2/2
   236 | D:1      | Reached skill level 4 in Long Blades
   249 | D:1      | Reached XP level 3. HP: 23/24 MP: 3/3
   677 | D:2      | Found a faded altar of an unknown god.
  1154 | D:2      | Reached XP level 4. HP: 29/29 MP: 4/4
  1155 | D:2      | Noticed Jessica
  1159 | D:2      | Killed Jessica
  1159 | D:2      | Reached skill level 5 in Long Blades
  1737 | D:3      | Noticed Sigmund
  1738 | D:3      | Reached XP level 5. HP: 34/34 MP: 5/5
  1856 | D:3      | Noticed Terence
  1874 | D:2      | Killed Terence
  2130 | D:3      | Killed Sigmund
  2130 | D:3      | Reached skill level 7 in Long Blades
  2130 | D:3      | Reached XP level 6. HP: 39/39 MP: 6/6
  2348 | D:3      | Noticed Ijyb
  2546 | D:4      | Found Tokei's Gadget Boutique.
  2688 | D:4      | Found a staircase to the Ecumenical Temple.
  2699 | Temple   | Entered the Ecumenical Temple
  2715 | Temple   | Became a worshipper of Cheibriados the Contemplative
  2791 | D:3      | Killed Ijyb
  2791 | D:3      | Reached XP level 7. HP: 45/45 MP: 7/7
  2806 | D:3      | Found an iron altar of Okawaru.
  2902 | D:3      | You fall through a shaft for 3 floors!
  2939 | D:6      | Found a bloodstained altar of Trog.
  3019 | D:6      | Reached skill level 8 in Long Blades
  3065 | D:6      | Got a crystal hand axe
  3069 | D:5      | Entered Level 5 of the Dungeon
  3149 | D:5      | HP: 3/67 [hound (4)]
  3487 | D:5      | Noticed a hungry ghost
  3494 | D:5      | Reached * piety under Cheibriados
  3745 | D:6      | Reached skill level 5 in Dodging
  3757 | D:6      | Reached XP level 8. HP: 16/50 MP: 8/8
  4436 | D:5      | Found a burning altar of Makhleb.
  4439 | D:5      | Found a glowing silver altar of Zin.
  4439 | D:5      | Noticed an angel
  4440 | D:5      | Noticed a balrug
  4491 | D:5      | Found a deep blue altar of Sif Muna.
  4511 | D:5      | Identified Sif Muna's Compendium of Battle Magic
  4812 | D:4      | Found a sacrificial altar of Ru.
  4851 | D:4      | Found a blossoming altar of Fedhas.
  4866 | D:4      | Shot with an arrow by a centaur

Vault maps used:
D:1:      lightli_arrival_isolated_outpost
D:2:      first_ration, chequers_ecumenical_altar_island, uniq_jessica
D:3:      okawaru_ov_weapons_minmay, uniq_sigmund, uniq_terence, uniq_ijyb
D:4:      yredelemnul_forgotten_temple_becter,
          nicolae_ru_great_annihilating_truth, fedhas_bush_and_centaur_altar,
          minmay_temple_entry_mist, serial_shops, shop, portal_sewer_entry_a,
          minmay_box_of_dots
D:5:      grunt_temple_overflow_order_and_chaos_2, led_sif_book
D:6:      bloody_trog
Temple:   corrupted_temple

Skill      XL: |  1  2  3  4  5  6  7  8 |
---------------+-------------------------+-----
Long Blades    | 4 5 7 8 |  8.0
Dodging        | 5 6 |  6.9
Fighting       | |  2.0
Throwing       | |  2.0

Action                   |  1- 3 |  4- 6 |  7- 9 || total
-------------------------+-------+-------+-------++-------
Melee: Long sword        |    43 |    86 |   105 ||   234
       Constrict         |    15 |    34 |    24 ||    73
       Tentacles         |     8 |    23 |    26 ||    57
  Use: Scroll            |       |     6 |     3 ||     9
       Potion            |       |       |     2 ||     2
 Stab: Sleeping          |     5 |     7 |     4 ||    16
       Invisible         |       |       |     1 ||     1
       Paralysed         |       |       |     1 ||     1
  Eat: Chunk             |       |     6 |     7 ||    13
       Ration            |       |       |     1 ||     1
Armor: Skin              |     7 |     3 |    12 ||    22
Dodge: Dodged            |    30 |    70 |    68 ||   168
       Rpst.: Long sword |    10 |    25 |    18 ||    53

Table legend:
 A = Non-vault XP
 B = Vault XP
 C = Vault XP percentage of total XP
 D = Non-vault monster count
 E = Vault monster count
 F = Vault count percentage of total count
                 A         B        C        D         E       F
            +---------+---------+-------+---------+---------+-------
      Total |    1225 |     414 |  25.3 |     107 |      10 |   8.5
            +---------+---------+-------+---------+---------+-------
        D:1 |      45 |       0 |   0.0 |      21 |       0 |   0.0
        D:2 |      83 |      73 |  46.8 |      20 |       2 |   9.1
        D:3 |      66 |     260 |  79.8 |      27 |       2 |   6.9
        D:4 |     139 |       6 |   4.1 |       6 |       4 |  40.0
        D:5 |     419 |      75 |  15.2 |      22 |       2 |   8.3
        D:6 |     473 |       0 |   0.0 |      11 |       0 |   0.0
            +---------+---------+-------+---------+---------+-------
